Map: Coda EC

Players

AgCl - Winner!

  • Race: Protoss Protoss
  • League: Grandmaster

Luis

  • Race: Zerg Zerg
  • League: Grandmaster

VOD

Have the link to the VOD?

Description

Time

  • Played on: July 2, 2015, 5:49 p.m.
  • Length: 8:40
Show
View Real Time Build Order
Export as new Build Order

AgCl Protoss - Winner!

Build Orders: Oracle Opening 

Get SALT Encoding   

  12  0:02  Probe  
  13  0:15  Probe  
  14  0:27  Pylon  
  14  0:40  Assimilator  
  14  0:48  Gateway  
  14  0:49  Probe  
  15  1:01  Probe  
  16  1:13  Probe (Chrono Boost)  
  17  1:24  Pylon  
  17  1:25  Probe (Chrono Boost)  
  18  1:31  Probe (Chrono Boost)  
  19  1:34  Assimilator  
  19  1:35  Zealot (Chrono Boost)  
  21  1:42  Probe  
  22  1:48  Cybernetics Core  
  22  1:54  Probe (Chrono Boost)  
  23  2:06  Probe (Chrono Boost)  
  24  2:14  Probe (Chrono Boost)  
  25  2:24  Probe (Chrono Boost)  
  25  2:25  Stargate  
  26  2:31  Warp Gate (Chrono Boost)  
  26  2:36  Mothership Core (Chrono Boost)  
  28  2:50  Probe  
  27  3:02  Probe  
  27  3:05  Nexus  
  28  3:09  Gateway  
  28  3:12  Pylon  
  28  3:30  Adept, Oracle (Chrono Boost)  
  28  3:33  Probe  
  34  3:45  Probe  
  35  3:57  Probe  
  36  4:09  Fleet Beacon  
  36  4:11  Probe (Chrono Boost)  
  36  4:16  Void Ray  
  43  4:24  Probe (Chrono Boost)  
  43  4:27  Probe (Chrono Boost), Assimilator  
  43  4:30  Probe (Chrono Boost)  
  45  4:40  Probe x2 (Chrono Boost), Assimilator  
  46  4:46  Probe (Chrono Boost)  
  46  4:48  Protoss Air Weapons Level 1 (Chrono Boost)  
  46  4:51  Probe (Chrono Boost)  
  50  5:00  Probe (Chrono Boost)  
  50  5:02  Probe (Chrono Boost)  
  50  5:09  Probe  
  51  5:16  Probe, Carrier (Chrono Boost)  
  51  5:20  Pylon  
  52  5:24  Pylon  
  52  5:38  Probe x2  
  60  5:50  Probe x2  
  60  5:53  Graviton Catapult (Chrono Boost)  
  60  5:55  Stargate  
  60  5:56  Pylon  
  62  6:01  Nexus  
  62  6:03  Probe  
  63  6:05  Probe  
  64  6:15  Probe, Forge  
  65  6:18  Adept  
  65  6:19  Adept  
  65  6:21  Probe  
  70  6:27  Probe  
  72  6:42  Pylon  
  72  6:45  Carrier x2 (Chrono Boost)  
  73  6:50  Pylon  
  83  7:03  Probe  
  83  7:05  Assimilator  
  83  7:08  Pylon  
  84  7:16  Probe  
  84  7:17  Probe  
  84  7:19  Probe  
  84  7:21  Pylon  
  82  7:31  Adept x2  
  84  7:41  Stargate  
  84  7:44  Gateway  
  84  7:45  Gateway  
  84  7:48  Probe  
  84  7:50  Probe  
  86  7:52  Assimilator  
  86  7:54  Pylon  
  86  7:57  Adept  
  86  7:58  Photon Cannon  
  88  8:09  Probe  
  88  8:10  Probe  
  88  8:12  Probe  
  97  8:21  Probe  
  97  8:22  Probe  
  97  8:23  Adept x2  
Show
View Real Time Build Order
Export as new Build Order

Luis Zerg 

Build Orders: Hatch First 

Get SALT Encoding   

  12  0:02  Drone  
  13  0:12  Overlord  
  13  0:18  Drone  
  14  0:32  Drone x2  
  16  0:37  Drone  
  17  0:47  Drone  
  18  1:04  Hatchery  
  17  1:13  Spawning Pool  
  16  1:23  Drone  
  16  1:24  Overlord  
  17  1:30  Drone  
  18  1:41  Extractor  
  18  1:43  Drone  
  18  2:03  Queen  
  20  2:20  Queen  
  20  2:21  Drone  
  20  2:22  Drone x2  
  25  2:32  Zergling x6  
  28  2:54  Zergling x4  
  28  2:57  Metabolic Boost  
  30  3:06  Drone, Overlord  
  30  3:08  Drone x2  
  33  3:23  Drone x2, Extractor  
  34  3:33  Spore Crawler  
  33  3:41  Queen  
  35  3:54  Drone x4  
  39  3:59  Drone x5  
  39  4:02  Extractor  
  43  4:03  Extractor  
  43  4:07  Drone x2  
  44  4:14  Roach Warren  
  43  4:17  Lair  
  43  4:18  Overlord  
  43  4:35  Spore Crawler  
  43  4:37  Drone x4  
  46  4:46  Drone x4, Zergling x2  
  46  4:47  Zergling x2  
  52  5:05  Overlord x3  
  52  5:08  Overlord  
  52  5:18  Overlord x2, Hydralisk Den  
  51  5:23  Queen  
  53  5:41  Queen  
  55  5:49  Hydralisk x2  
  59  5:57  Hatchery  
  59  5:59  Queen  
  60  6:05  Hydralisk x2, Muscular Augments  
  64  6:18  Hydralisk  
  64  6:19  Hydralisk x2  
  68  6:36  Hydralisk x4  
  71  6:44  Drone x4  
  75  6:53  Spire  
  74  6:57  Drone x2  
  76  7:11  Evolution Chamber  
  76  7:13  Evolution Chamber  
  76  7:14  Hydralisk x2  
  76  7:15  Hydralisk  
  58  7:38  Drone x7, Hydralisk x2  
  69  7:45  Nydus Network  
  69  7:51  Drone x4  
  72  7:57  Drone x3  
  75  8:04  Drone x4  
Tags
 
Add a new tag
Caveats
  • Supply blocks, unpowered buildings, or Contaminate may cause inaccurate times.
  • Supply counts are checked every 10 seconds.